AoeStats
← Malcupa

Nomad

509392377Analyzed
2v2 RM · 5d ago on Sep 26, 2026· 37m 55s· 4 players
Game mode
Random Map
Map size
176×176
Population
200
Speed
Normal
Resources
Standard
Victory
Conquest
Starting age
Dark Age
Ending age
Imperial Age
RankedLock teamsTeams togetherTeam positionsShared explorationLock speedFull tech treeHidden civsTurbo modeCheats
Victory
Defeat
🇨🇱 Chinese · Chile
957
+15
🇦🇿 Persians · Azerbaijan
900
+17
🇿🇦 Vikings · South Africa
962
-17
🇨🇳 Franks · China
901
-15
3129902668
7:43 Loom
15:37 Feudal Age
17:09 Double-Bit Axe
21:43 Gold Mining
22:14 Stone Mining
24:27 Castle Age
25:35 Bow Saw
26:49 Gold Shaft Mining
Malcupa
5:22 Loom
17:22 Feudal Age
17:45 Horse Collar
17:52 Double-Bit Axe
18:15 Town Watch
21:34 Fletching
25:01 Castle Age
23:09 Fishing Lines
24:32 Gold Mining
24:33 Stone Mining
25:01 Forging
24:51 Scale Mail Armor
26:01 Bow Saw
28:09 Squires
27:58 Arson
31:45 Imperial Age
33:01 Conscription
34:18 Chain Mail Armor
36:28 Plate Mail Armor
Humitas_con_tomate
3:10 Loom
12:09 Feudal Age
12:46 Double-Bit Axe
16:36 Horse Collar
21:28 Castle Age
23:18 Bow Saw
24:52 Wheelbarrow
24:32 Fletching
24:45 Crossbowman
26:12 Bodkin Arrow
30:24 Gold Mining
31:14 Ballistics
36:34 Imperial Age
34:29 Padded Archer Armor
37:07 Thumb Ring
37:20 Leather Archer Armor
37:48 Conscription
trn25
13:29 Feudal Age
15:10 Double-Bit Axe
16:54 Wheelbarrow
16:57 Gold Mining
20:56 Castle Age
18:53 Fishing Lines
19:22 Horse Collar
21:11 Scale Barding Armor
21:18 Forging
22:53 Bow Saw
24:05 Heavy Plow
26:11 Bloodlines
26:36 Gillnets
29:31 Chain Barding Armor
32:12 Imperial Age
31:00 Iron Casting
32:44 Cavalier
33:24 Husbandry
34:03 Plate Barding Armor
35:54 Conscription
Connection lost

Rejoining the realm…

Still unreachable

The connection could not be restored.

Session expired

The server has moved on; the page needs a fresh start.